Selects Panzerjäger Kommand Battlegroup
Selects Blockade Equipment
Construct Light Support Kompanie
Selects GrB 39 Grenade Launcher Requisition
Construct Mechanized Kompanie
Selects Crew Shock Tactics
Construct Panzerarmee Kommand
Pak 38 Anti-tank Gun Team
Pak 38 Anti-tank Gun Team
Marder III Tank Destroyer
Marder III Tank Destroyer
Selects Butterfly Bomb Drop
Marder III Tank Destroyer
Marder III Tank Destroyer
18-tonne Recovery Half-track